 Dungeon Crawl Stone Soup version 0.27.0-1-g7a089689b8 (webtiles) character file.

Game seed: 8295271058404138881

40 SkeletonJelly the Slasher (level 3, -5/23 HPs)
             Began as a Tengu Monk on Aug 14, 2021.
             Was a Priest of Elyvilon.
             Slain by a worm (8 damage)
             ... on level 2 of the Dungeon.
             The game lasted 00:01:17 (1467 turns).

SkeletonJelly the Slasher (Tengu Monk)              Turns: 1467, Time: 00:01:17

Health: -5/23      AC:  2    Str: 11    XL:     3   Next: 50%
Magic:  4/4        EV: 10    Int: 10    God:    Elyvilon [***...]
Gold:   52         SH:  0    Dex: 17    Spells: 2/2 levels left

rFire    . . .     SeeInvis .   a - +0 falchion
rCold    . . .     Faith    .   (no shield)
rNeg     . . .     Spirit   .   b - +0 robe
rPois    .         Reflect  .   (helmet restricted)
rElec    .         Harm     .   (no cloak)
rCorr    .         Rampage  .   (no gloves)
Will     .....                  (boots unavailable)
Stlth    ++........             (no amulet)
HPRegen  0.07/turn              (no ring)
MPRegen  0.09/turn              (no ring)

@: constricted
A: beak, talons 3
a: Renounce Religion, Lesser Healing, Heal Other, Purification, Divine
Protection


You were on level 2 of the Dungeon.
You worshipped Elyvilon.
Elyvilon was most pleased with you.
You visited 1 branch of the dungeon, and saw 2 of its levels.

You collected 52 gold pieces.

Inventory:

Hand Weapons
 a - a +0 falchion (weapon)
Armour
 b - a +0 robe (worn)
Scrolls
 c - a scroll of identify {unknown}
 d - a scroll of noise {unknown}
 e - 3 scrolls of teleportation {unknown}
 f - a scroll of torment {unknown}
 g - a scroll of fear {unknown}


   Skills:
 + Level 3.5 Fighting
 * Level 4.4 Long Blades
 - Level 3.2 Dodging
 - Level 2.0 Stealth


You had 2 spell levels left.
You didn't know any spells.
Your spell library was empty.

Dungeon Overview and Level Annotations

Branches:
Dungeon (2/15)

Altars:
Elyvilon


Innate Abilities, Weirdness & Mutations

You have a beak for a mouth.
You have claws for feet.


Message History

The goblin shouts!
Found 10 gold pieces.
There is a stone staircase leading up here.
You climb upwards.
There is a stone staircase leading down here.
There is a stone staircase leading down here.
You climb downwards.
Found 19 arrows.
There is a stone staircase leading up here.
No target in view!
An adder comes into view.
An adder is nearby!
An adder is nearby!
An adder is nearby!
You miss the adder. You claw the adder.
The adder is moderately wounded.
The adder bites you.
You hit the adder but do no damage. You peck the adder.
The adder is severely wounded.
The adder bites you.
You are poisoned.
The adder poisons you! The adder closely misses you.
You closely miss the adder. Your peck misses the adder.
The adder is severely wounded.
You feel sick. The adder barely misses you.
You barely miss the adder. Your kick misses the adder. You peck the adder.
The adder is severely wounded.
You feel sick. The adder barely misses you.
You riposte.
You closely miss the adder.
The adder is severely wounded.
You closely miss the adder.
The adder is severely wounded.
You feel sick. The adder barely misses you. The adder completely misses you.
You riposte.
You miss the adder. You claw the adder.
You kill the adder!
No target in view!
No target in view!
No target in view!
No target in view!
No target in view!
You feel sick.
You feel sick.
You are no longer poisoned.
Key pressed, stopping explore.
HP restored.
g - a scroll labelled JODEIM FOLEUB You now have 52 gold pieces (gained 12).
A dart slug is nearby!
A dart slug is nearby!
A dart slug is nearby!
A dart slug is nearby!
A dart slug is nearby!
The dart slug launches a dart at you.
The slug dart hits you but does no damage.
You can now purify yourself.
Found an escape hatch in the floor.
The goblin shouts!
You hit the dart slug. You claw the dart slug. You peck the dart slug.
The dart slug is severely wounded.
You hit the dart slug.
You kill the dart slug!
You see here a dart slug corpse.
You barely miss the goblin.
The ball python hisses angrily.
Your kick misses the goblin. The goblin barely misses you.
You riposte.
You hit the goblin. You claw the goblin.
You kill the goblin!
The rat bites you but does no damage.
You closely miss the ball python. The rat bites you but does no damage.
The ball python bites you. The ball python barely misses you.
You barely miss the worm. The ball python closely misses you. x2
The rat closely misses you.
You riposte.
You slash the rat!
You kill the rat!
The worm closely misses you.
You riposte.
You hit the worm. You claw the worm! You peck the worm, but do no damage.
The worm is heavily wounded.
You barely miss the worm. Your kick misses the worm.
The worm is heavily wounded.
The ball python bites you. The ball python grabs you.
The ball python constricts you.
You closely miss the ball python.
You peck the ball python, but do no damage.
The ball python barely misses you. The ball python constricts you.
The worm bites you. The ball python barely misses you.
The ball python constricts you.
You barely miss the ball python. The ball python bites you.
The ball python constricts you.
You hit the ball python but do no damage.
The ball python bites you but does no damage.
The ball python constricts you. The worm bites you!
* * * LOW HITPOINT WARNING * * *
The ball python barely misses you. The ball python constricts you.
You are too injured to fight recklessly!
You are too injured to fight recklessly!
You are too injured to fight recklessly!
You are too injured to fight recklessly!
You are too injured to fight recklessly!
The ball python's grasp on you weakens, but your attempt to escape fails.
The worm bites you!
You die...

... #.#### # #....# #
#.#..#># .# . #.#.##.#
#####.# ..
#...<..###.....####
#.###................
###....).†.............
......S@######.#########
......†w.#..............
.......r.#.###.########.
.........#.#.....(....
.........#..........#.
........$###..####.##.
.........#<....†......
###+#..#.#############


You could see a worm, a quokka and a ball python.

Vanquished Creatures
  An adder (D:2)
  2 dart slugs
  2 endoplasms (D:1)
  A giant cockroach (D:1)
  A goblin (D:2)
  2 hobgoblins (D:1)
  4 jackals (D:1)
  3 quokkas (D:1)
  A ball python (D:1)
  3 bats (D:1)
  A frilled lizard (D:1)
  2 kobolds (D:1)
  3 rats
26 creatures vanquished.

Notes
Turn   | Place    | Note
-------+----------+-------------------------------------------
     0 | D:1      | SkeletonJelly the Tengu Monk began the quest for the Orb.
     0 | D:1      | Reached XP level 1. HP: 14/14 MP: 2/2
   261 | D:1      | Reached XP level 2. HP: 14/19 MP: 3/3
   322 | D:1      | Reached skill level 4 in Long Blades
   845 | D:1      | Reached XP level 3. HP: 23/23 MP: 4/4
  1010 | D:1      | Found a faded altar of an unknown god.
  1234 | D:1      | Became a worshipper of Elyvilon the Healer
  1234 | D:1      | Reached * piety under Elyvilon
  1234 | D:1      | Reached ** piety under Elyvilon
  1453 | D:2      | Reached *** piety under Elyvilon
  1467 | D:2      | Slain by a worm

Illustrated notes

Levels and vault maps discovered:
D:1:      dpeg_arrival_boxorama, layout_loops_ring, basic_ecumenical_altar,
          minmay_misc_feat_four_crosses, st_stairs_8, minmay_misc_feat_pillars,
          minmay_tetromino_s2
D:2:      layout_basic, serial_shops, nicolae_lakefront_shop,
          chequers_serial_rivers_marsh, grunt_ministairs_4

Skill      XL: |  1  2 |
---------------+-------+-----
Long Blades    | 4 |  4.4
Fighting       | |  3.5
Dodging        | |  3.2
Stealth        | |  2.0

Action                   || total
-------------------------++-------
Melee: Falchion          ||    66
       Kick              ||    18
       Peck              ||    14
 Stab: Sleeping          ||     2
Armor: Robe              ||    16
Dodge: Dodged            ||    57
       Rpst.: Falchion   ||    22
